 Dungeon Crawl Stone Soup version 0.27.1 (webtiles) character file.

Game seed: 16355048309498718149

103 hawla the Sneak (level 4, -3/27 HPs)
             Began as a Deep Elf Delver on Aug 26, 2021.
             Slain by a centaur (6 damage)
             ... on level 4 of the Dungeon.
             The game lasted 00:04:23 (529 turns).

hawla the Sneak (Deep Elf Delver)                    Turns: 529, Time: 00:04:24

Health: -3/27      AC:  3    Str:  9    XL:     4   Next: 51%
Magic:  7/8        EV: 12    Int: 16    God:
Gold:   5          SH:  0    Dex: 16    Spells: 4/6 levels left

rFire    . . .     SeeInvis .   a - +0 short sword
rCold    . . .     Faith    .   (no shield)
rNeg     . . .     Spirit   .   b - +0 leather armour
rPois    .         Reflect  .   (no helmet)
rElec    .         Harm     .   (no cloak)
rCorr    .         Rampage  .   (no gloves)
Will     .....                  (no boots)
Stlth    +++.......             (no amulet)
HPRegen  0.09/turn              (no ring)
MPRegen  0.11/turn              (no ring)

@: wereblooded
A: no striking features
a: no special abilities


You were on level 4 of the Dungeon.
You visited 1 branch of the dungeon, and saw 2 of its levels.

You collected 5 gold pieces.

Inventory:

Hand Weapons
 a - a +0 short sword (weapon)
Missiles
 h - 10 poisoned darts (quivered)
Armour
 b - a +0 leather armour (worn)
Wands
 g - a wand of digging (3)
Scrolls
 c - a scroll of fog
 d - a scroll of magic mapping


   Skills:
 + Level 2.6 Fighting
 + Level 2.2 Short Blades
 + Level 1.2 Throwing
 + Level 2.7 Dodging
 + Level 7.0 Stealth
 + Level 1.6 Spellcasting
 + Level 1.6 Transmutations


You had 4 spell levels left.
You knew the following spells:

 Your Spells              Type           Power      Damage    Failure   Level
a - Wereblood             Tmut           6%         N/A       24%         2

Your spell library contained the following spells:

 Spells                   Type           Power      Damage    Failure   Level
 Sublimation of Blood     Necr           0%         N/A       43%         2
 Summon Hydra             Summ           0%         N/A       100%        7


Dungeon Overview and Level Annotations

Branches:
Dungeon (5/15)
 Temple: D:4-7

Altars:


Message History

You hit the centaur.
The centaur is lightly wounded.
The centaur unwields a +0 shortbow.
The centaur wields a +0 flail.
The centaur closely misses you.
The centaur kicks you but does no damage.
You barely miss the centaur.
The centaur is lightly wounded.
The centaur hits you with a +0 flail! The centaur barely misses you.
The centaur hits you with a +0 flail.
The centaur kicks you but does no damage.
Throw: 12 darts (poison)
Press: ? - help, Q - select action Shift-Dir - straight line, f - centaur
Aim: a centaur, wielding a +0 flail and quivering arrows (lightly wounded, 72% to hit)
You throw a poisoned dart. The poisoned dart hits the centaur.
The centaur is poisoned.
The centaur is lightly wounded.
The centaur closely misses you. The centaur barely misses you.
Throw: 11 darts (poison)
Press: ? - help, Q - select action Shift-Dir - straight line, f/p - centaur
Aim: a centaur, wielding a +0 flail and quivering arrows (lightly wounded, poisoned, 72% to hit)
You throw a poisoned dart. The poisoned dart hits the centaur.
The centaur looks even sicker.
The centaur is lightly wounded.
The centaur barely misses you. The centaur closely misses you.
You barely miss the centaur.
The centaur is lightly wounded.
The centaur hits you but does no damage.
The centaur barely misses you. The centaur hits you with a +0 flail!
* * * LOW HITPOINT WARNING * * *
The centaur barely misses you.
You aren't carrying any potions.
Okay, then.
You barely miss the centaur.
The centaur is lightly wounded.
The centaur barely misses you. The centaur kicks you.
* * * LOW HITPOINT WARNING * * *
You hit the centaur but do no damage.
The centaur is lightly wounded.
The centaur hits you with a +0 flail.
You die...

..##...##...##...#
#..................#
+..................#
#..................#
#...##...##........#
.##...##...##........#
......(....##...##...#
......c....##...##...#
.......@....+....#...#
.##...##)..##....#...#
#+# ##...##....#
#.....#....# ...♣♣..
#....##...## #.....♣..
#....##...#
#.##....####...##...#
#.....#..###...##...#
#...................#


You could see a centaur (very poisoned).

Vanquished Creatures
  A black bear (D:4)
  An adder (D:4)
  An orc (D:4)
  An endoplasm (D:4)
  A goblin (D:4)
5 creatures vanquished.

Notes
Turn   | Place    | Note
-------+----------+-------------------------------------------
     0 | D:5      | hawla the Deep Elf Delver began the quest for the Orb.
     0 | D:5      | Reached XP level 1. HP: 13/13 MP: 3/3
     2 | D:5      | Noticed a black bear
    11 | D:5      | Noticed an iguana
    35 | D:4      | Reached XP level 2. HP: 7/18 MP: 4/4
   345 | D:4      | Noticed a black bear
   385 | D:4      | Killed a black bear
   386 | D:4      | Reached skill level 1 in Throwing
   386 | D:4      | Reached skill level 7 in Stealth
   386 | D:4      | Reached skill level 1 in Spellcasting
   386 | D:4      | Reached skill level 1 in Transmutations
   386 | D:4      | Reached XP level 3. HP: 22/22 MP: 4/7
   386 | D:4      | Reached XP level 4. HP: 27/27 MP: 4/8
   396 | D:4      | Learned a level 2 spell: Wereblood
   518 | D:4      | Noticed a centaur
   529 | D:4      | Slain by a centaur

Illustrated notes

Levels and vault maps discovered:
D:4:      layout_gridville, minmay_misc_feat_columns, chequers_mini_garden
D:5:      layout_cave_pools, mainiacjoe_overflow_catwalk,
          nicolae_overflow_crystal_walls, gammafunk_ghost_nasty_kobolds

Skill      XL: |  1  2 |
---------------+-------+-----
Throwing       | 1 |  1.2
Stealth        | 7 |  7.0
Spellcasting   | 1 |  1.6
Transmutations | 1 |  1.6
Fighting       | |  2.6
Short Blades   | |  2.2
Dodging        | |  2.7

Action                   |  1- 3 |  4- 6 || total
-------------------------+-------+-------++-------
Melee: Short sword       |    11 |     9 ||    20
Throw: Dart              |    22 |     3 ||    25
 Cast: Wereblood         |       |     1 ||     1
  Use: Scroll            |     1 |       ||     1
       Potion            |     1 |       ||     1
Armor: Leather armour    |       |     4 ||     4
Dodge: Dodged            |     9 |    12 ||    21
